 Dungeon Crawl Stone Soup version 0.29-a0-23-ga79f92ac9c (webtiles) character file.

Game seed: 8306638200239109163

704 Ajdolov the Digger (level 7, 0/41 HPs)
             Began as an Octopode Earth Elementalist on Jan 30, 2022.
             Was an Initiate of Ashenzari.
             Killed by miscasting Stone Arrow (4 damage)
             ... in an ossuary.
             The game lasted 00:07:25 (3369 turns).

Ajdolov the Digger (Octopode Earth Elementalist)    Turns: 3369, Time: 00:07:26

Health: 0/41       AC:  1    Str:  7    XL:     7   Next: 67%
Magic:  8/11       EV: 13    Int: 19    God:    Ashenzari [......]
Gold:   169        SH:  0    Dex: 13    Spells: 7/11 levels left

rFire   . . .      SeeInvis .   f - +6 dagger
rCold   . . .      Faith    .   (no shield)
rNeg    . . .      Spirit   .   (helmet restricted)
rPois   .          Reflect  .   (no amulet)
rElec   .          Harm     .   (no ring)
rCorr   .          Rampage  .   (no ring)
Will    .....                   (no ring)
Stlth   +++.......              (no ring)
HPRegen 0.13/turn               (no ring)
MPRegen 0.12/turn               (no ring)
                                (no ring)
                                (no ring)

@: very slightly contaminated
A: almost no armour, amphibious, 8 rings, camouflage 1, gelatinous body 1,
(nimble swimmer 1), tentacles
a: Renounce Religion


You were in an ossuary.
You worshipped Ashenzari.
Ashenzari was noncommittal.
You visited 2 branches of the dungeon, and saw 6 of its levels.
You also visited: Ossuary.

You collected 169 gold pieces.

Inventory:

Hand Weapons
 f - a +6 dagger (weapon)
Missiles
 b - 82 stones
Wands
 k - a wand of iceblast (10)
Scrolls
 a - 2 scrolls of acquirement {unknown}
 c - 4 scrolls of enchant armour {unknown}
 e - 7 scrolls of identify {unknown}
 h - a scroll of teleportation {unknown}
 i - a scroll of amnesia {unknown}
Potions
 d - 2 potions of mutation {unknown}
 g - a potion of heal wounds {unknown}
 j - a potion of haste {unknown}


   Skills:
 - Level 2.0 Dodging
 - Level 2.6 Stealth
 + Level 2.8 Spellcasting
 * Level 4.9 Conjurations
 - Level 1.0 Transmutations
 + Level 6.6 Earth Magic


You had 7 spell levels left.
You knew the following spells:

 Your Spells              Type           Power      Damage    Failure   Level
a - Sandblast             Erth           56%        2d13      1%          1
b - Stone Arrow           Conj/Erth      48%        3d10      4%          3

Your spell library contained the following spells:

 Spells                   Type           Power      Damage    Failure   Level
 Passwall                 Tmut/Erth      14%        N/A       4%          2
 Petrify                  Tmut/Erth      17%        N/A       32%         4
 Iskenderun's Battlesphe  Conj           21%        2d7       50%         5
 Fireball                 Conj/Fire      6%         3d5       85%         5
 Conjure Ball Lightning   Conj/Air       6%         3x3d6     100%        6
 Orb of Destruction       Conj           10%        9d6       100%        7


Dungeon Overview and Level Annotations

Branches:
Dungeon (5/15)             Temple (1/1) D:4         Ossuary (1/1)

Altars:
Ashenzari
Cheibriados
Fedhas
Vehumet
Yredelemnul
Beogh

Shops:
D:1 [


Innate Abilities, Weirdness & Mutations

You cannot wear most types of armour.
You are amphibious.
You can wear up to eight rings at the same time.
Your skin changes colour to match your surroundings (Stealth+).
Your rubbery body absorbs attacks. (AC +1, EV +1)
((You are camouflaged when in or above water. (Stealth+)))
You have tentacles for arms and can constrict up to eight enemies at once.


Message History

A gnoll comes into view. It is wielding a +0 flail.
The gnoll shouts!
A hound zombie comes into view.
You see here a scroll labelled OTIUNOU VIDOI.
Found 15 arrows.
An orc comes into view. It is wielding a +0 trident.
Found a blue potion.
The orc moves out of view.
Found a sand-covered staircase.
Found 13 gold pieces.
An orc wizard comes into view. It is wielding a +0 dagger.
Found 8 gold pieces.
The orc wizard shouts!
You hear a shout!
Found a stone staircase leading up.
An orc comes into view. It is wielding a +0 hand axe.
The orc wizard points at you and mumbles some strange words.
The magic dart hits you.
The orc wizard gestures at you while chanting.
The puff of flame hits you!
The orc shouts!
The orc wizard points at you and mumbles some strange words.
The puff of flame hits you!
* * * LOW HITPOINT WARNING * * *
There is a sand-covered staircase here.
You hear the slow hiss of an avalanche of sand.
The world spins around you as you enter the gateway.
You enter an ossuary!
Found a gate leading back out of this place.
There is an empty arch of ancient stone here.
You start resting.
An orc zombie comes into view.
Okay, then.
Casting: Stone Arrow (dangerous; 4% risk of failure)
Confirm with . or Enter, or press ? or * to list all spells.
Aiming: Stone Arrow (dangerous; 4% risk of failure)
Press: ? - help, Shift-Dir - straight line, f - orc zombie
Aim: an orc zombie (wandering, hasn't noticed you, 90% to hit)
You miscast Stone Arrow.
You are very lightly contaminated with residual magic.
The air around you crackles with energy.
You die...

#....#
#....#
#....#
#....#
#...Z#
#....#
#....#
#.@∩.#
######


You could see an orc zombie (wandering).

Vanquished Creatures
  Sigmund (D:3)
  2 ogres (D:4)
  A phantom (D:4)
  A howler monkey (D:4)
  A hound (D:4)
  An iguana (D:5)
  Natasha (D:3)
  A hound skeleton (D:3)
  6 gnolls
  2 howler monkey skeletons (D:4)
  2 adders (D:3)
  A worm (D:2)
  2 dart slugs (D:1)
  5 ball pythons
  5 bats
  3 endoplasms
  5 giant cockroaches
  6 goblins
  6 hobgoblins
  5 jackals
  4 quokkas
  A frilled lizard (D:2)
  4 kobolds
  3 rats
69 creatures vanquished.

Vanquished Creatures (others)
  A plant (D:4)
1 creature vanquished.

Grand Total: 70 creatures vanquished

Notes
Turn   | Place    | Note
-------+----------+-------------------------------------------
     0 | D:1      | Ajdolov the Octopode Earth Elementalist began the quest for
                  | the Orb.
     0 | D:1      | Reached XP level 1. HP: 11/11 MP: 3/3
    32 | D:1      | Found Huoq's Antique Armour Shop.
   109 | D:1      | Reached XP level 2. HP: 17/17 MP: 3/5
   424 | D:1      | Reached skill level 4 in Earth Magic
   515 | D:1      | Reached XP level 3. HP: 21/21 MP: 6/6
   583 | D:1      | Found a faded altar of an unknown god.
   866 | D:2      | Learned a level 3 spell: Stone Arrow
  1245 | D:2      | Reached skill level 1 in Conjurations
  1245 | D:2      | Reached XP level 4. HP: 20/27 MP: 3/7
  1678 | D:3      | Noticed Sigmund
  1993 | D:3      | Noticed Natasha
  2001 | D:3      | Killed Natasha
  2002 | D:3      | Reached skill level 5 in Earth Magic
  2002 | D:3      | Reached XP level 5. HP: 22/31 MP: 5/8
  2245 | D:3      | Found a blossoming altar of Fedhas.
  2322 | D:3      | Killed Sigmund
  2323 | D:3      | Reached XP level 6. HP: 27/36 MP: 9/9
  2692 | D:4      | Reached skill level 6 in Earth Magic
  2692 | D:4      | Reached XP level 7. HP: 41/41 MP: 1/10
  3154 | D:4      | Found a staircase to the Ecumenical Temple.
  3165 | Temple   | Entered the Ecumenical Temple
  3174 | Temple   | Became a worshipper of Ashenzari the Shackled
  3207 | D:5      | Entered Level 5 of the Dungeon
  3351 | D:5      | Found a sand-covered staircase.
  3360 | Ossuary  | Entered an ossuary
  3369 | Ossuary  | Killed by miscasting Stone Arrow

Illustrated notes

Levels and vault maps discovered:
D:1:      kennysheep_arrival_forest, layout_rooms, serial_shops, shop,
          hellmonk_ecumenical_altar_defaced_shrine
D:2:      layout_loops_ring, minmay_quantized
D:3:      kennysheep_slugbush, layout_basic, fedhas_altar_4, uniq_sigmund,
          uniq_natasha
D:4:      layout_rooms, minmay_temple_entry_overgrown
D:5:      layout_cave_pools, enter_ossuary_3, uniq_edmund
Temple:   eino_temple_scatter_basement
Ossuary:  ossuary_tomb_3

Skill      XL: |  1  2  3  4  5  6 |
---------------+-------------------+-----
Earth Magic    | 4 5 6 |  6.6
Conjurations   | 1 2 3 4 |  4.9
Dodging        | |  2.0
Stealth        | |  2.6
Spellcasting   | |  2.8
Transmutations | |  1.0

Action                   |  1- 3 |  4- 6 |  7- 9 || total
-------------------------+-------+-------+-------++-------
Melee: Dagger            |    22 |    38 |     9 ||    69
       Constrict         |     6 |     8 |     2 ||    16
       Tentacles         |     5 |    10 |     4 ||    19
 Cast: Sandblast         |    28 |    14 |    17 ||    59
       Stone Arrow       |       |     4 |     5 ||     9
 Stab: Sleeping          |     5 |     4 |       ||     9
Armor: Skin              |     4 |     2 |       ||     6
Dodge: Dodged            |    14 |    19 |    11 ||    44

Table legend: (Time is in decaauts)
 A = Elapsed time spent in this place.
 B = Non-inter-level travel time spent in this place.
 C = Inter-level travel time spent in this place.
 D = Time resting spent in this place.
 E = Time spent auto-exploring this place.
 F = Levels seen in this place.
 G = Mean time per level.
                   A        B        C        D        E       F      G
               +--------+--------+--------+--------+--------+-----+--------+
         Total |   3366 |   3279 |     87 |    192 |   2549 |   7 |  480.9 |
       Dungeon |   3337 |   3258 |     79 |    189 |   2547 |   5 |  667.4 |
        Temple |     20 |     12 |      8 |      0 |      2 |   1 |   20.0 |
       Ossuary |      8 |      8 |      0 |      3 |      0 |   1 |    8.0 |
               +--------+--------+--------+--------+--------+-----+--------+

Top non-repeatable levels by time:
     D:1: 860 daAuts
     D:3: 788 daAuts
     D:2: 782 daAuts
     D:4: 753 daAuts
     D:5: 152 daAuts
  Temple: 20 daAuts
 Ossuary: 8 daAuts
